 Dungeon Crawl Stone Soup version 0.32-a0-433-g08bcfe7efd (webtiles) character file.

Game seed: 6955949974486648964

176 ragingrage the Slasher (level 5, 0/38 HPs)
             Began as a Coglin Warper on Feb 23, 2024.
             Was an Initiate of Gozag.
             Succumbed to an orc's poison
             ... on level 4 of the Dungeon.
             The game lasted 00:03:04 (2698 turns).

ragingrage the Slasher (Coglin Warper)              Turns: 2698, Time: 00:03:04

Health: 0/38       AC:  9    Str: 11    XL:     5   Next: 56%
Magic:  7/7        EV:  6    Int: 12    God:    Gozag
Gold:   152        SH:  0    Dex: 16    Spells: 7/7 levels left

rFire   . . .        a - +0 falchion {Narong}
rCold   . . .        l - +0 long sword {Gerda}
rNeg    . . .        q - +0 chain mail
rPois   .            w - +0 hat
rElec   .            (no cloak)
rCorr   .            (no gloves)
SInv    .            t - +0 pair of boots
Will    .....        (no amulet) Stlth
                     (no ring)
HPRegen 0.26/turn    (no ring)
MPRegen 0.10/turn

%: no passive effects
@: mighty, lethally poisoned (0 -> -2), gold aura, revved
A: off-hand wielding, slow wielding, warmup strikes, legs shutdown
a: Renounce Religion, Potion Petition, Call Merchant, Bribe Branch


You were on level 4 of the Dungeon.
You worshipped Gozag.
Gozag was aware of your devotion.
You visited 1 branch of the dungeon, and saw 4 of its levels.

You collected 225 gold pieces.
You paid 73 gold pieces to Gozag.

Inventory:

Hand Weapons
 a - a +0 falchion (weapon) {Narong}
 l - a +0 long sword (offhand) {Gerda}
 u - a +0 morningstar
 v - a +0 club
Missiles
 d - 7 darts of dispersal
 f - 5 boomerangs (quivered)
Armour
 b - a +0 leather armour
 q - a +0 chain mail (worn)
 t - a +0 pair of boots (worn)
 w - a +0 hat (worn)
Scrolls
 c - a scroll of blinking
 g - a scroll of vulnerability
 i - a scroll of enchant armour
 n - a scroll of poison
 p - a scroll of revelation
 s - a scroll of teleportation
 y - a scroll of amnesia {unknown}
Potions
 e - a potion of enlightenment {unknown}
 h - a potion of heal wounds {unknown}
 j - a potion of might
 k - 2 potions of lignification {unknown}
 m - 2 potions of ambrosia {unknown}
 o - 2 potions of magic {unknown}
 r - a potion of brilliance {unknown}
 x - a potion of haste {unknown}
 z - 2 potions of curing {unknown}
 A - a potion of degeneration {unknown}


   Skills:
 - Level 2.0 Fighting
 + Level 5.6 Long Blades
 - Level 0.8 Throwing
 - Level 0.8 Armour
 - Level 1.7 Dodging
 - Level 1.7 Spellcasting
 - Level 3.0 Translocations


You had 7 spell levels left.
You didn't know any spells.
Your spell library contained the following spells:

 Spells                   Type           Power      Damage    Failure   Level
 Blink                    Tloc           16%        N/A       99%         2
 Lesser Beckoning         Tloc           16%        N/A       99%         2
 Cigotuvi's Dreadful Rot  Necr/Alch/Air  2%         N/A       100%        2
 Gell's Gravitas          Tloc           8%         N/A       100%        3
 Teleport Other           Tloc           8%         N/A       100%        3
 Ignite Poison            Fire/Alch      1%         N/A       100%        4
 Manifold Assault         Tloc           8%         N/A       100%        4
 Vhi's Electric Charge    Tloc/Air       8%         N/A       100%        4
 Freezing Cloud           Conj/Ice/Air   0%         6-21      100%        5
 Dispersal                Tloc           4%         N/A       100%        6


Dungeon Overview and Level Annotations

Branches:
Dungeon (4/15)
 Temple: D:4-7

Altars:
Elyvilon
Gozag
Xom

Annotations:
D:3 Grinder
D:4 3 runed translucent doors, Poisondrake's ghost, amateur DsWn


Innate Abilities, Weirdness & Mutations

You can wield a second weapon in your off-hand.
It takes a long time for you to wield or remove held weapons.
Your first few attacks do less damage.
Attacking and casting redirects power from your legs.


Message History

The kobold is no longer distracted by gold.
The kobold is distracted by your dazzling golden aura.
The kobold shouts!
You slash the orc with your +0 long sword!
You kill the orc!
You feel very sick.
The kobold is distracted by your dazzling golden aura.
The kobold shouts!
You hit the orc with your +0 long sword.
You hit the orc but do no damage.
You feel sick.
The kobold is no longer distracted by gold. x2
The orc hits you but does no damage.
You hit the orc with your +0 falchion.
You barely miss the orc with your +0 long sword.
You feel sick.
The kobold is no longer distracted by gold.
The orc hits you but does no damage. The orc barely misses you.
The orc wizard casts a spell.
The orc wizard flickers and vanishes!
Deactivating autopickup; reactivate with Ctrl-A.
You hit the orc but do no damage. You hit the orc with your +0 falchion.
You kill the orc!
You feel sick. The orc hits you with a +0 whip.
You hit the orc with your +0 long sword.
You closely miss the orc with your +0 falchion.
You feel sick. The orc hits you with a +0 whip.
You hear some strange, mumbled words.
A puff of flame appears from out of thin air!
The puff of flame hits you.
* * * LOW HITPOINT WARNING * * *
You closely miss the orc with your +0 falchion.
You hit the orc but do no damage.
You feel sick. The orc hits you with a +0 whip.
* * * LOW HITPOINT WARNING * * *
Something hits you.
* * * LOW HITPOINT WARNING * * *
It was a potion of might.
You feel very mighty all of a sudden.
You are no longer unable to travel.
You die...
Your body crumbles into a pile of gold.

###### #.....##.. ##.).#
###....#.. ##.....##
#.#....# #.#...#.#
#.#.##.. #
#⌠.#K#KK#####.#.#### ...
#.#KKW#K#.....#.#
....##KKKKK##.......##
.....##+++##...........#
......{@.............#.#
......##o########.##.# .
..... o..# #....#
......#### ###### .....
####


You could see a kobold brigand, Poisondrake's ghost, an orc and 9 kobolds.

Vanquished Creatures
  An iguana (D:4)
  An orc wizard (D:4)
  4 adders
  3 dart slugs
  10 orcs
  7 endoplasms
  6 giant cockroaches
  5 goblins
  6 hobgoblins
  4 jackals (D:4)
  A kobold (D:1)
  4 quokkas
  8 ball pythons
  4 bats
  A frilled lizard (D:2)
  3 rats
68 creatures vanquished.

Notes
Turn   | Place    | Note
-------+----------+-------------------------------------------
     0 | D:1      | ragingrage the Coglin Warper began the quest for the Orb.
     0 | D:1      | Reached XP level 1. HP: 16/16 MP: 3/3
   292 | D:1      | Reached XP level 2. HP: 16/22 MP: 4/4
   448 | D:1      | Reached skill level 3 in Long Blades
  1009 | D:2      | Reached XP level 3. HP: 24/27 MP: 5/5
  1056 | D:2      | Found a white marble altar of Elyvilon.
  1424 | D:3      | Reached skill level 4 in Long Blades
  1569 | D:3      | Reached XP level 4. HP: 26/33 MP: 6/6
  1624 | D:3      | Noticed Grinder
  1631 | D:3      | Paralysed by Grinder for 4 turns
  1905 | D:4      | Reached skill level 5 in Long Blades
  1905 | D:4      | Reached XP level 5. HP: 28/38 MP: 7/7
  2028 | D:3      | Found an opulent altar of Gozag.
  2062 | D:3      | Became a worshipper of Gozag Ym Sagoz the Greedy
  2275 | D:4      | Found a shimmering altar of Xom.
  2288 | D:4      | Found a shimmering altar of Xom.
  2676 | D:4      | Found a runed translucent gate.
  2678 | D:4      | Found a runed translucent gate.
  2680 | D:4      | Found a runed translucent gate.
  2680 | D:4      | Noticed a kobold brigand
  2681 | D:4      | Noticed Poisondrake's ghost (amateur DsWn)
  2697 | D:4      | HP: 1/38 [something (1)]
  2698 | D:4      | Succumbed to an orc's poison

Illustrated notes

Levels and vault maps discovered:
D:1:      kilobyte_arrival_exit_the_forest, layout_basic, minivault_25
D:2:      layout_rooms, basic_altar
D:3:      layout_basic, grunt_gozag_statues, nicolae_dithmenos_shadow_blocks,
          uniq_grinder
D:4:      layout_basic, xom_redecorated, gammafunk_ghost_nasty_kobolds

Skill      XL: |  1  2  3  4 |
---------------+-------------+-----
Long Blades    | 3 4 5 |  5.6
Fighting       | |  2.0
Throwing       | |  0.8
Armour         | |  0.8
Dodging        | |  1.7
Spellcasting   | |  1.7
Translocations | |  3.0

Action                     |  1- 3 |  4- 6 || total
---------------------------+-------+-------++-------
  Melee: Falchion          |    87 |    71 ||   158
         Short sword       |    46 |    52 ||    98
         Long sword        |       |    10 ||    10
  Throw: Boomerang         |    22 |     5 ||    27
    Use: Scroll            |       |     7 ||     7
         Potion            |       |     1 ||     1
   Stab: Sleeping          |     2 |       ||     2
 Armour: Leather armour    |    46 |       ||    46
         Chain mail        |     7 |    60 ||    67
  Dodge: Dodged            |    53 |    18 ||    71

Table legend: (Time is in decaauts)
 A = Elapsed time spent in this place.
 B = Non-inter-level travel time spent in this place.
 C = Inter-level travel time spent in this place.
 D = Time resting spent in this place.
 E = Time spent auto-exploring this place.
 F = Levels seen in this place.
 G = Mean time per level.
                   A        B        C        D        E       F      G
               +--------+--------+--------+--------+--------+-----+--------+
         Total |   2720 |   2532 |    188 |    269 |   1682 |   4 |  680.0 |
       Dungeon |   2720 |   2532 |    188 |    269 |   1682 |   4 |  680.0 |
               +--------+--------+--------+--------+--------+-----+--------+

Top non-repeatable levels by time:
     D:1: 913 daAuts
     D:4: 752 daAuts
     D:2: 617 daAuts
     D:3: 437 daAuts
